PAAA
BAKERSFIELD NOBLES @ BLOOMINGTON LONGNECKS
07/20/2032
 
TOP OF THE 1ST
Bakersfield Nobles batting - Pitching for Bloomington Longnecks : RHP Pedro Lara
Pitching: RHP Pedro Lara
Batting: LHB Alberto Enríquez 0-0: Ball
1-0: Called Strike
1-1: Ball
2-1: Ball
3-1: Base on Balls
Batting: LHB Hideki Hisanobu 0-0: Ball
1-0: Fielders Choice at 2nd, 6-4 (Groundball, 6)
Batting: LHB Theo Fightmaster 0-0: Called Strike
0-1: Ground out 4-3 (Groundball, 4M)
Hideki Hisanobu to second
Batting: RHB António Padilla 0-0: Ball
1-0: Called Strike
1-1: Foul Ball, location: 2F
1-2: Ball
2-2: Fly out, F9 (Flyball, 9D)
Top of the 1st over - 0 runs, 0 hits, 0 errors, 1 left on base; Bakersfield 0 - Bloomington 0
BOTTOM OF THE 1ST
Bloomington Longnecks batting - Pitching for Bakersfield Nobles : RHP Armando Garay
Pitching: RHP Armando Garay
Batting: LHB Keith Alexander 0-0: Ball
1-0: Ball
2-0: Called Strike
2-1: Ball
3-1: SINGLE (Groundball, 6D)
Batting: RHB Bubba Blevins 0-0: Called Strike
Keith Alexander is caught stealing 2nd base
0-1: Called Strike
0-2: Ball
1-2: Strikes out swinging
Batting: LHB Calvin Wilms 0-0: Foul Ball, location: 2F
0-1: Ball
1-1: Ball
2-1: Foul Ball, location: 2F
2-2: Ball
3-2: Base on Balls
Batting: LHB César Gómes 0-0: Called Strike
0-1: Called Strike
0-2: Strikes out looking
Bottom of the 1st over - 0 runs, 1 hit, 0 errors, 1 left on base; Bakersfield 0 - Bloomington 0
TOP OF THE 2ND
Bakersfield Nobles batting - Pitching for Bloomington Longnecks : RHP Pedro Lara
Batting: RHB Wade Killefer 0-0: Ball
1-0: Ball
2-0: Ball
3-0: Called Strike
3-1: Swinging Strike
3-2: Foul Ball, location: 2F
3-2: Foul Ball, location: 2F
3-2: Foul Ball, location: 2F
3-2: Foul Ball, location: 2F
3-2: Fly out, F4 (Line Drive, 4)
Batting: RHB Pil-joong Pak 0-0: Called Strike
0-1: Foul Ball, location: 2F
0-2: SINGLE (Line Drive, 78S)
Batting: RHB Fortunato Rasquinha 0-0: Ball
1-0: SINGLE (Line Drive, 56)
Pil-joong Pak to second
Pil-joong Pak to third
Batting: LHB Jorge Pérez 0-0: Ball
1-0: Ball
2-0: Ball
3-0: Called Strike
3-1: Base on Balls
Fortunato Rasquinha to second
Batting: RHB Edwin Berns 0-0: Called Strike
0-1: Fielders Choice at 2nd, 4-6 (Groundball, 4)
Pil-joong Pak scores
Fortunato Rasquinha to third
Batting: LHB Alberto Enríquez 0-0: Ball
1-0: TRIPLE (Flyball, 8LXD)
Fortunato Rasquinha scores
Edwin Berns scores
Batting: LHB Hideki Hisanobu 0-0: Called Strike
0-1: SINGLE (Line Drive, 4MD)
Alberto Enríquez scores
Batting: LHB Theo Fightmaster 0-0: Ball
1-0: Called Strike
1-1: Ball
2-1: Ball
3-1: Called Strike
3-2: Base on Balls
Hideki Hisanobu to second
Batting: RHB António Padilla 0-0: Fielders Choice at 2nd, 6-4 (Groundball, 56)
Top of the 2nd over - 4 runs, 4 hits, 0 errors, 2 left on base; Bakersfield 4 - Bloomington 0
BOTTOM OF THE 2ND
Bloomington Longnecks batting - Pitching for Bakersfield Nobles : RHP Armando Garay
Batting: RHB Carlos Cardona 0-0: Ground out 1-3 (Groundball, 13)
Batting: RHB Javier De Jesús 0-0: Called Strike
0-1: Foul Ball, location: 2F
0-2: Ball
1-2: Strikes out looking
Batting: RHB Toussiant L'Ouverture 0-0: Called Strike
0-1: Ground out 6-3 (Groundball, 6)
Bottom of the 2nd over - 0 runs, 0 hits, 0 errors, 0 left on base; Bakersfield 4 - Bloomington 0
TOP OF THE 3RD
Bakersfield Nobles batting - Pitching for Bloomington Longnecks : RHP Pedro Lara
Batting: RHB Wade Killefer 0-0: Ball
1-0: Ball
2-0: Ball
3-0: Base on Balls
Batting: RHB Pil-joong Pak 0-0: Swinging Strike
0-1: Ball
1-1: TRIPLE (Line Drive, 89XD)
Wade Killefer scores
Batting: RHB Fortunato Rasquinha 0-0: Ball
1-0: Ball
2-0: Ball
3-0: Base on Balls
Batting: LHB Jorge Pérez 0-0: Ball
1-0: Grounds into double play, 3-6-3 (Groundball, 3)
Pil-joong Pak scores
Batting: RHB Edwin Berns 0-0: Foul Ball, location: 2F
0-1: Swinging Strike
0-2: Ground out U3 (Groundball, 23)
Top of the 3rd over - 2 runs, 1 hit, 0 errors, 0 left on base; Bakersfield 6 - Bloomington 0
BOTTOM OF THE 3RD
Bloomington Longnecks batting - Pitching for Bakersfield Nobles : RHP Armando Garay
Batting: RHB Chet Hollis 0-0: Ball
1-0: Ball
2-0: Hit by Pitch
Batting: RHB Frank Crocker 0-0: Ball
Chet Hollis steals 2nd base
1-0: Foul Ball, location: 2F
1-1: Ball
2-1: Ball
3-1: Base on Balls
Batting: LHB Keith Alexander 0-0: Ball
1-0: Ball
2-0: Foul Ball, location: 2F
2-1: Foul Ball, location: 2F
2-2: Ball
3-2: Base on Balls
Chet Hollis to third
Frank Crocker to second
Batting: RHB Bubba Blevins 0-0: Ball
1-0: Swinging Strike
1-1: Ball
2-1: Fly out, F5 (Line Drive, 5)
Batting: LHB Calvin Wilms 0-0: Ball
1-0: Called Strike
1-1: DOUBLE (Line Drive, 8RD)
Chet Hollis scores
Frank Crocker scores
Keith Alexander to third
Batting: LHB César Gómes 0-0: Ball
1-0: Ball
2-0: Called Strike
2-1: Swinging Strike
2-2: Ball
3-2: Strikes out swinging
Batting: RHB Carlos Cardona 0-0: DOUBLE (Flyball, 8LXD)
Keith Alexander scores
Calvin Wilms scores
Batting: RHB Javier De Jesús 0-0: Swinging Strike
0-1: Ground out 6-3 (Groundball, 6S)
Bottom of the 3rd over - 4 runs, 2 hits, 0 errors, 1 left on base; Bakersfield 6 - Bloomington 4
TOP OF THE 4TH
Bakersfield Nobles batting - Pitching for Bloomington Longnecks : RHP Pedro Lara
Batting: LHB Alberto Enríquez 0-0: Ball
1-0: Swinging Strike
1-1: Called Strike
1-2: Strikes out swinging
Batting: LHB Hideki Hisanobu 0-0: Ball
1-0: Called Strike
1-1: Foul Ball, location: 2F
1-2: Strikes out looking
Batting: LHB Theo Fightmaster 0-0: Called Strike
0-1: Ball
1-1: Ball
2-1: Ball
3-1: Base on Balls
Batting: RHB António Padilla 0-0: Ball
1-0: Foul Ball, location: 2F
1-1: Ball
2-1: Ball
3-1: Foul Ball, location: 2F
3-2: Base on Balls
Theo Fightmaster to second
Pitching: RHP Nick Taylor
Batting: RHB Wade Killefer 0-0: Called Strike
0-1: Swinging Strike
0-2: Ball
1-2: Ball
2-2: Ball
3-2: SINGLE (Groundball, 56S) (infield hit)
Theo Fightmaster to third
António Padilla to second
Batting: RHB Pil-joong Pak 0-0: Foul Ball, location: 2F
0-1: Foul Ball, location: 2F
0-2: Ball
1-2: Ball
2-2: Foul Ball, location: 2F
2-2: Fly out, F8 (Flyball, 8RXD)
Top of the 4th over - 0 runs, 1 hit, 0 errors, 3 left on base; Bakersfield 6 - Bloomington 4
BOTTOM OF THE 4TH
Bloomington Longnecks batting - Pitching for Bakersfield Nobles : RHP Armando Garay
Batting: RHB Toussiant L'Ouverture 0-0: Called Strike
0-1: Foul Ball, location: 2F
0-2: Strikes out swinging
Batting: RHB Chet Hollis 0-0: Ball
1-0: Called Strike
1-1: Fly out, F9 (Flyball, 89M)
Batting: RHB Frank Crocker 0-0: Ball
1-0: Ground out 6-3 (Groundball, 6)
Bottom of the 4th over - 0 runs, 0 hits, 0 errors, 0 left on base; Bakersfield 6 - Bloomington 4
TOP OF THE 5TH
Bakersfield Nobles batting - Pitching for Bloomington Longnecks : RHP Nick Taylor
Batting: RHB Fortunato Rasquinha 0-0: Called Strike
0-1: Foul Ball, location: 2F
0-2: Fly out, F2 (Popup, 2LF)
Batting: LHB Jorge Pérez 0-0: Foul Ball, location: 2F
0-1: Ball
1-1: Ball
2-1: SOLO HOME RUN (Flyball, 89XD), Distance : 379 ft
Batting: RHB Edwin Berns 0-0: Called Strike
0-1: Ball
1-1: Ball
2-1: Ball
3-1: Called Strike
3-2: Strikes out swinging
Batting: LHB Alberto Enríquez 0-0: Hit by Pitch
Batting: LHB Hideki Hisanobu 0-0: Called Strike
0-1: SINGLE (Groundball, 34D)
Alberto Enríquez to second
Runner from 2nd tries for 3rd, SAFE, throw made to third
Batting: LHB Theo Fightmaster 0-0: Called Strike
0-1: Called Strike
0-2: Fly out, F9 (Flyball, 9S)
Top of the 5th over - 1 run, 2 hits, 0 errors, 2 left on base; Bakersfield 7 - Bloomington 4
BOTTOM OF THE 5TH
Bloomington Longnecks batting - Pitching for Bakersfield Nobles : RHP Armando Garay
Batting: LHB Keith Alexander 0-0: Ball
1-0: Foul Ball, location: 2F
1-1: Ball
2-1: Ground out 4-3 (Groundball, 4)
Batting: RHB Bubba Blevins 0-0: Called Strike
0-1: Swinging Strike
0-2: Foul Ball, location: 2F
0-2: Foul Ball, location: 2F
0-2: Foul Ball, location: 2F
0-2: Foul Ball, location: 2F
0-2: Strikes out looking
Batting: LHB Calvin Wilms 0-0: Called Strike
0-1: Ground out 1-3 (Groundball, P)
Bottom of the 5th over - 0 runs, 0 hits, 0 errors, 0 left on base; Bakersfield 7 - Bloomington 4
TOP OF THE 6TH
Bakersfield Nobles batting - Pitching for Bloomington Longnecks : RHP Nick Taylor
Batting: RHB António Padilla 0-0: Swinging Strike
0-1: Ground out 6-3 (Groundball, 6)
Batting: RHB Wade Killefer 0-0: Swinging Strike
0-1: Ball
1-1: Ball
2-1: Foul Ball, location: 2F
2-2: Foul Ball, location: 2F
2-2: Ball
3-2: Foul Ball, location: 2F
3-2: Ground out 4-3 (Groundball, 4S)
Batting: RHB Pil-joong Pak 0-0: Called Strike
0-1: Called Strike
0-2: Ball
1-2: Ball
2-2: Ground out 6-3 (Groundball, 6)
Top of the 6th over - 0 runs, 0 hits, 0 errors, 0 left on base; Bakersfield 7 - Bloomington 4
BOTTOM OF THE 6TH
Bloomington Longnecks batting - Pitching for Bakersfield Nobles : RHP Armando Garay
Pitching: RHP Tim Nesheim
Batting: LHB César Gómes 0-0: Foul Ball, location: 2F
0-1: Ball
1-1: Ball
2-1: Ball
3-1: SINGLE (Line Drive, 4MD)
Batting: RHB Carlos Cardona 0-0: Ball
1-0: Foul Ball, location: 2F
1-1: Ball
2-1: Ball
3-1: Called Strike
3-2: Strikes out swinging
Batting: RHB Javier De Jesús 0-0: SINGLE (Groundball, 3S) (infield hit)
César Gómes to second
Batting: RHB Toussiant L'Ouverture 0-0: Called Strike
0-1: Ball
1-1: Foul Ball, location: 2F
1-2: Fly out, F3 (Line Drive, 3)
Batting: RHB Chet Hollis 0-0: Ball
1-0: Ball
2-0: Called Strike
2-1: Swinging Strike
2-2: Fly out, F8 (Line Drive, 8RM)
Bottom of the 6th over - 0 runs, 2 hits, 0 errors, 2 left on base; Bakersfield 7 - Bloomington 4
TOP OF THE 7TH
Bakersfield Nobles batting - Pitching for Bloomington Longnecks : RHP Nick Taylor
Batting: RHB Fortunato Rasquinha 0-0: Called Strike
0-1: Called Strike
0-2: Ball
1-2: Foul Ball, location: 2F
1-2: Fly out, F7 (Flyball, 78XD)
Batting: LHB Jorge Pérez 0-0: Called Strike
0-1: Ball
1-1: Foul Ball, location: 2F
1-2: Foul Ball, location: 2F
1-2: SINGLE (Groundball, 4) (infield hit)
Batting: RHB Edwin Berns 0-0: Ball
1-0: Called Strike
1-1: Ball
2-1: Foul Ball, location: 2F
2-2: Foul Ball, location: 2F
2-2: Foul Ball, location: 2F
2-2: Foul Ball, location: 2F
2-2: Foul Ball, location: 2F
2-2: Ground out 3-1 (Groundball, 34S)
Jorge Pérez to second
Pitching: LHP Tomás Galván
Batting: LHB Alberto Enríquez 0-0: Ball
1-0: Swinging Strike
1-1: Swinging Strike
1-2: Strikes out swinging
Top of the 7th over - 0 runs, 1 hit, 0 errors, 1 left on base; Bakersfield 7 - Bloomington 4
BOTTOM OF THE 7TH
Bloomington Longnecks batting - Pitching for Bakersfield Nobles : RHP Tim Nesheim
Batting: RHB Frank Crocker 0-0: Ball
1-0: Ball
2-0: Called Strike
2-1: Foul Ball, location: 2F
2-2: Ball
3-2: Strikes out looking
Batting: LHB Keith Alexander 0-0: Called Strike
0-1: Called Strike
0-2: Ball
1-2: Foul Ball, location: 2F
1-2: Fly out, F9 (Flyball, 9S)
Batting: RHB Bubba Blevins 0-0: Ball
1-0: Foul Ball, location: 2F
1-1: Swinging Strike
1-2: Foul Ball, location: 2F
1-2: Ground out 6-3 (Groundball, 6)
Bottom of the 7th over - 0 runs, 0 hits, 0 errors, 0 left on base; Bakersfield 7 - Bloomington 4
TOP OF THE 8TH
Bakersfield Nobles batting - Pitching for Bloomington Longnecks : LHP Tomás Galván
Batting: LHB Hideki Hisanobu 0-0: Foul Ball, location: 2F
0-1: Ball
1-1: Swinging Strike
1-2: Ball
2-2: Ball
3-2: Foul Ball, location: 2F
3-2: Base on Balls
Batting: LHB Theo Fightmaster 0-0: Ball
1-0: Ball
2-0: Grounds into double play, 4-6-3 (Groundball, 4)
Batting: RHB António Padilla 0-0: Foul Ball, location: 2F
0-1: Ball
1-1: Ball
2-1: Ball
3-1: Base on Balls
Batting: RHB Wade Killefer 0-0: Called Strike
0-1: Foul Ball, location: 2F
0-2: Ball
1-2: Ball
2-2: Hit by Pitch
António Padilla to second
Batting: RHB Pil-joong Pak 0-0: Ball
1-0: Ball
2-0: SINGLE (Line Drive, 78S)
António Padilla to third
Wade Killefer to second
Runner from 3rd tries for Home, SAFE, no throw
Batting: RHB Fortunato Rasquinha 0-0: Ball
1-0: Ball
Passed Ball!
Wade Killefer to third
Pil-joong Pak to second
2-0: Ball
3-0: Called Strike
3-1: Called Strike
3-2: Foul Ball, location: 2F
3-2: DOUBLE (Flyball, 78XD)
Wade Killefer scores
Pil-joong Pak scores
Batting: LHB Jorge Pérez 0-0: SINGLE (Groundball, 23) (infield hit)
Fortunato Rasquinha to third
Batting: RHB Edwin Berns 0-0: SINGLE (Line Drive, 8RS)
Fortunato Rasquinha scores
Jorge Pérez to second
Batting: LHB Alberto Enríquez 0-0: Called Strike
0-1: Foul Ball, location: 2F
0-2: Ball
1-2: SINGLE (Groundball, 25) (infield hit)
Jorge Pérez to third
Edwin Berns to second
Batting: LHB Hideki Hisanobu 0-0: Called Strike
0-1: Swinging Strike
0-2: Ball
1-2: Ball
2-2: TRIPLE (Line Drive, 8LXD)
Jorge Pérez scores
Edwin Berns scores
Alberto Enríquez scores
Batting: LHB Theo Fightmaster 0-0: Ball
1-0: Ball
2-0: Called Strike
2-1: SINGLE (Groundball, 56D)
Hideki Hisanobu scores
Batting: RHB António Padilla 0-0: Ball
1-0: Foul Ball, location: 2F
1-1: Fly out, F6 (Line Drive, 6)
Top of the 8th over - 8 runs, 7 hits, 0 errors, 1 left on base; Bakersfield 15 - Bloomington 4
BOTTOM OF THE 8TH
Bloomington Longnecks batting - Pitching for Bakersfield Nobles : RHP Tim Nesheim
Pinch Hitting: RHB Gabrio Campoverde 0-0: Ball
1-0: Ball
2-0: Called Strike
2-1: Foul Ball, location: 2F
2-2: Foul Ball, location: 2F
2-2: Foul Ball, location: 2F
2-2: Foul Ball, location: 2F
2-2: Ground out 6-3 (Groundball, 6)
Batting: LHB César Gómes 0-0: Ball
1-0: Called Strike
1-1: Called Strike
1-2: Ground out 5-3 (Groundball, 5S)
Batting: RHB Carlos Cardona 0-0: Ground out 4-3 (Groundball, 4)
Bottom of the 8th over - 0 runs, 0 hits, 0 errors, 0 left on base; Bakersfield 15 - Bloomington 4
TOP OF THE 9TH
Bakersfield Nobles batting - Pitching for Bloomington Longnecks : LHP Tomás Galván
Now in RF: Gabrio Campoverde
Batting: RHB Wade Killefer 0-0: Called Strike
0-1: Foul Ball, location: 2F
0-2: Ball
1-2: DOUBLE (Flyball, 8RD)
Pitching: RHP Kozue Koga
Batting: RHB Pil-joong Pak 0-0: Foul Ball, location: 2F
0-1: Swinging Strike
0-2: Ground out 6-3 (Groundball, 56)
Batting: RHB Fortunato Rasquinha 0-0: Swinging Strike
0-1: Swinging Strike
0-2: Ball
1-2: Ball
2-2: Ball
3-2: Base on Balls
Batting: LHB Jorge Pérez 0-0: Grounds into double play, 6-4-3 (Groundball, 6)
Top of the 9th over - 0 runs, 1 hit, 0 errors, 1 left on base; Bakersfield 15 - Bloomington 4
BOTTOM OF THE 9TH
Bloomington Longnecks batting - Pitching for Bakersfield Nobles : RHP Tim Nesheim
Batting: RHB Javier De Jesús 0-0: Called Strike
0-1: Foul Ball, location: 2F
0-2: Ball
1-2: Ball
2-2: Strikes out swinging
Batting: RHB Toussiant L'Ouverture 0-0: Fly out, F9 (Flyball, 9)
Batting: RHB Chet Hollis 0-0: Ball
1-0: Ball
2-0: Called Strike
2-1: Called Strike
2-2: Strikes out swinging
Bottom of the 9th over - 0 runs, 0 hits, 0 errors, 0 left on base; Bakersfield 15 - Bloomington 4
Wednesday, September 19th, 2018 - OOTP Baseball 18.8 Build 76